 Dungeon Crawl Stone Soup version 0.30-a0-457-g4b7bca3bfa (webtiles) character file.

Game seed: 14009990645142117903

127754 ryw the Brawler (level 16, 0/159 HPs)
             Began as a Troll Gladiator on Dec 13, 2022.
             Was a High Priest of Okawaru.
             Slain by a merfolk impaler
             ... wielding a +1 vorpal demon trident
              (2 damage)
             ... on level 1 of the Shoals.
             The game lasted 00:43:28 (18682 turns).

ryw the Brawler (Troll Gladiator)                  Turns: 18682, Time: 00:43:28

Health: 0/159      AC: 32    Str: 38    XL:     16   Next: 46%
Magic:  0/22       EV:  8    Int:  4    God:    Okawaru [*****.]
Gold:   1539       SH: 15    Dex: 16    Spells: 25/25 levels left

rFire   + . .      SeeInvis .      - Unarmed
rCold   + . .      Faith    .    X - +0 tower shield
rNeg    . . .      Spirit   .    K - +9 scales of the Dragon King {rPois rF+ rC+ Will+}
rPois   +          Reflect  .    b - +2 hat
rElec   +          Harm     +    n - scarf {harm}
rCorr   .          Rampage  +    (gloves unavailable)
Will    ++...                    (boots unavailable)
Stlth   ..........               C - amulet of Jolutuem {Rampage Drain rElec Regen+ Dex+5}
HPRegen 2.06/turn                G - +6 ring of strength
MPRegen 0.18/turn                P - +4 ring of slaying

@: heroic, on berserk cooldown, slowed, very slow
A: large, unfitting armour, claws 3, regeneration 1, shaggy fur 1, tough skin 1
a: Renounce Religion, Heroism, Finesse, Duel


You were on level 1 of the Shoals.
You worshipped Okawaru.
Okawaru was extremely pleased with you.
You visited 4 branches of the dungeon, and saw 22 of its levels.

You collected 1679 gold pieces.
You spent 140 gold pieces at shops.

Inventory:

Hand Weapons
 B - the +5 giant club "Fole" {vorpal, Fly Dex+7}
   (Okawaru gifted it to you on level 5 of the Lair of Beasts)

   It inflicts extra damage upon your enemies.
   Dex:       It affects your dexterity (+7).
   Fly:       It grants you flight.
Missiles
 D - 7 boomerangs
 I - 17 large rocks (quivered)
 L - 5 javelins
 R - 2 atropa-tipped darts
Armour
 b - a +2 hat (worn)
 n - a scarf of harm (worn)
 u - the +3 hat of Pondering {ponderous, Will+ MP+10 Int+5}
   (You took it off Gastronok on level 9 of the Dungeon)

   Int:       It affects your intelligence (+5).
   MP:        It affects your magic capacity (+10).
   Will:      It increases your willpower.
 K - the +9 scales of the Dragon King (worn) {rPois rF+ rC+ Will+}
   (You found it on level 9 of the Dungeon)

   rF:        It protects you from fire.
   rC:        It protects you from cold.
   rPois:     It protects you from poison.
   Will:      It increases your willpower.
 X - a +0 tower shield (worn)
Jewellery
 p - a +6 ring of intelligence
 v - a ring of poison resistance
 C - the amulet of Jolutuem (around neck) {Rampage Drain rElec Regen+ Dex+5}
   (You found it on level 5 of the Lair of Beasts)

   [amulet of regeneration]

   Dex:       It affects your dexterity (+5).
   rElec:     It insulates you from electricity.
   Regen:     It increases your rate of health regeneration.
   Drain:     It drains your maximum health when unequipped.
   Rampage:   It bestows one free step when moving towards enemies.
 E - an amulet of faith
 G - a +6 ring of strength (left claw)
 N - a ring of protection from cold
 P - a +4 ring of slaying (right claw)
 S - a +6 ring of strength
 T - a ring of wizardry
 U - an amulet of reflection
 V - an amulet of guardian spirit
Wands
 r - a wand of paralysis (20)
 w - a wand of mindburst (5)
 x - a wand of digging (8)
 A - a wand of acid (7)
 O - a wand of iceblast (11)
Scrolls
 c - 2 scrolls of amnesia
 d - 2 scrolls of fear
 g - 6 scrolls of blinking
 k - 3 scrolls of magic mapping
 l - a scroll of fog
 m - 2 scrolls of poison
 s - 8 scrolls of teleportation
 y - 2 scrolls of silence
 M - a scroll of enchant weapon
 Q - 6 scrolls of identify
 W - a scroll of brand weapon
Potions
 a - 3 potions of lignification
 e - 3 potions of haste
 f - 4 potions of mutation
 h - 5 potions of brilliance
 i - 15 potions of curing
 j - 3 potions of invisibility
 o - 3 potions of attraction
 q - 2 potions of heal wounds
 t - a potion of berserk rage
 z - a potion of might
 F - a potion of magic
 H - 2 potions of ambrosia
 J - 5 potions of flight
 Y - 2 potions of cancellation


   Skills:
 + Level 10.5(15.5) Fighting
 + Level 9.5(14.5) Throwing
 + Level 7.9(12.9) Armour
 - Level 7.0(12.0) Dodging
 + Level 2.5(7.5) Shields
 * Level 16.6(21.6) Unarmed Combat
 - Level 5.0 Spellcasting
 + Level 9.4 Invocations


You had 25 spell levels left.
You didn't know any spells.
Your spell library contained the following spells:

 Spells                   Type           Power      Damage    Failure   Level
 Apportation              Tloc           2%         N/A       100%        1
 Foxfire                  Conj/Fire      4%         2x1d4     100%        1
 Magic Dart               Conj           4%         1d3       100%        1
 Sandblast                Erth           2%         2d4       100%        1
 Cigotuvi's Dreadful Rot  Necr/Pois/Air  2%         N/A       100%        2
 Ensorcelled Hibernation  Hex/Ice        2%         N/A       100%        2
 Passwall                 Tmut/Erth      0%         N/A       100%        2
 Searing Ray              Conj           2%         2d4       100%        2
 Sublimation of Blood     Necr           1%         N/A       100%        2
 Frozen Ramparts          Ice            2%         1d1       100%        3
 Stone Arrow              Conj/Erth      2%         3d7       100%        3
 Swiftness                Air            1%         N/A       100%        3
 Dispel Undead            Necr           1%         3d6       100%        4
 Fulminant Prism          Conj/Hex       0%         3d5       100%        4
 Ice Form                 Ice/Tmut       1%         N/A       100%        4
 Manifold Assault         Tloc           1%         N/A       100%        4
 Petrify                  Tmut/Erth      1%         N/A       100%        4
 Alistair's Intoxication  Tmut/Pois      0%         N/A       100%        5
 Blade Hands              Tmut           0%         N/A       100%        5
 Fireball                 Conj/Fire      0%         3d3       100%        5
 Irradiate                Conj/Tmut      0%         3d11      100%        5
 Dispersal                Tloc           0%         N/A       100%        6
 Eringya's Noxious Bog    Tmut/Pois      0%         N/A       100%        6
 Starburst                Conj/Fire      0%         6d3       100%        6
 Dragon Form              Tmut           0%         N/A       100%        7
 Orb of Destruction       Conj           0%         9d5       100%        7
 Disjunction              Tloc           0%         N/A       100%        8
 Summon Guardian Golem    Hex/Summ       Unusable   N/A       N/A         3
 Summon Ice Beast         Ice/Summ       Unusable   N/A       N/A         4
 Summon Forest            Summ/Tloc      Unusable   N/A       N/A         5
 Summon Mana Viper        Hex/Summ       Unusable   N/A       N/A         5
 Death Channel            Necr           Unusable   N/A       N/A         6
 Monstrous Menagerie      Summ           Unusable   N/A       N/A         7
 Spellforged Servitor     Conj/Summ      Unusable   N/A       N/A         7
 Summon Hydra             Summ           Unusable   N/A       N/A         7

Dungeon Overview and Level Annotations

Branches:
Dungeon (15/15)            Temple (1/1) D:7            Lair (5/5) D:8
 Shoals (1/4) Lair:2        Snake (0/4) Lair:2        Slime (0/5) Lair:4
    Orc (0/2) D:11         Vaults (0/5) D:13         Depths (0/4) D:15

Altars:
Ashenzari
Cheibriados
Dithmenos
Elyvilon
Fedhas
Gozag
Hepliaklqana
Kikubaaqudgha
Makhleb
Nemelex Xobeh
Okawaru
Qazlal
Ru
Sif Muna
Trog
Uskayaw
Vehumet
Wu Jian
Xom
Yredelemnul
Zin
The Shining One
Jiyva
Lugonu

Shops:
D:1 (   D:5 *   D:10 !

Portals:
Abyss: Lair:5

Annotations:
Shoals:1 1 transporter, purpskrrrp's ghost, adept GrFi


Innate Abilities, Weirdness & Mutations

You are too large for most types of armour.
You have claws for hands.
Your natural rate of healing is unusually fast.
You are covered in fur. (AC +1)
You have tough skin. (AC +1)


Message History

You feel a strong urge to attack something.
Purpskrrrp's ghost wails, "There is no future for me!"
You feel your anger nearly subside.
You are no longer berserk.
You are exhausted.
You feel yourself slow down.
You block the merfolk impaler's attack. x4
The merfolk impaler hits you but does no damage.
You eviscerate the merfolk impaler!!!
The merfolk impaler is severely wounded.
The merfolk impaler hits you but does no damage.
You block the merfolk impaler's attack. x2
The merfolk impaler hits you but does no damage.
The merfolk impaler closely misses you.
You barely miss the merfolk impaler.
The merfolk impaler is severely wounded.
You block the merfolk impaler's attack.
The merfolk impaler hits you from afar with a +2 antimagic demon trident!
* * * LOW HITPOINT WARNING * * *
You feel your power leaking away.
The merfolk hits you but does no damage.
The merfolk impaler barely misses you.
The merfolk impaler hits you from afar with a +2 antimagic demon trident!
* * * LOW HITPOINT WARNING * * *
You feel your power leaking away.
The merfolk impaler hits you but does no damage.
The merfolk hits you from afar with a +1 halberd of flaming!
* * * LOW HITPOINT WARNING * * *
The merfolk impaler completely misses you.
You feel much better.
The merfolk impaler hits you but does no damage.
The merfolk impaler completely misses you.
You block the merfolk impaler's attack. x2; The merfolk throws a boomerang.
The boomerang hits you!
* * * LOW HITPOINT WARNING * * *
The merfolk impaler hits you from afar with a +2 antimagic demon trident!
* * * LOW HITPOINT WARNING * * *
You feel your power leaking away.
The merfolk impaler hits you with a +1 vorpal demon trident!
* * * LOW HITPOINT WARNING * * *
You die...

~..##..........#####~~~......)
~.# #.~~~~...###.©.###~~......
..~~~~~..##....#####~~.....
~~~~~~~...#....)##..#~~~.~..
~~~~~~~~...##.W..#§#.m##.~~...
.~~≈≈≈~~~..#m.mm.mm#...#.~....
.~~≈≈≈≈≈~..#m.##}_).m..#...^..
≈≈≈~..#m##≈.†)###.#......
≈≈≈~..##@###.#§#.##...~~~
≈≈≈~.. ##.m..### #...~~P~
~~≈~~.. ......###..~~~~P
.~≈~~...###.©.###...~~PPP ≈~
~~~....#####......~≈≈≈ ≈
~.......~©~..?....~≈~≈
~.......~~.........~~≈
~.......~....[....PPP≈
.................~..~≈


You could see 3 merfolk impalers and a merfolk.

Vanquished Creatures
  Gastronok (D:9)
  A stone giant (D:15)
  Snorg (D:13)
  2 merfolk impalers (Shoals:1)
  Josephine (Lair:5)
  Harold (D:8)
  8 vault guards (D:13)
  2 merfolk avatars (Shoals:1)
  4 hydras
  5 two-headed ogres
  3 boulder beetles
  A catoblepas (Lair:2)
  6 centaur warriors
  4 tengu warriors
  3 thrashing horrors (Lair:5)
  A deep troll (D:15)
  Lodul (D:10)
  4 skeletal warriors (D:13)
  A sea snake (Shoals:1)
  A wizard (D:15)
  Pikel (D:7)
  2 orc knights (D:15)
  2 deep elf pyromancers (D:13)
  2 oklob plants
  A moth of wrath (Shoals:1)
  2 fauns (Shoals:1)
  A salamander (shapeshifter) (D:14)
  2 manticores
  7 ugly things
  An elephant (shapeshifter) (D:10)
  3 merfolk sirens
  A cyclops (D:12)
  Maurice (D:12)
  11 elephants
  11 centaur zombies (D:11)
  2 smoke demons (Lair:5)
  4 black mambas
  13 cane toads
  A gargoyle (D:13)
  3 kobold demonologists (D:12)
  An efreet (D:13)
  An unseen horror (D:12)
  Psyche (D:12)
  4 rime drakes
  7 komodo dragons
  3 tengu conjurers (D:15)
  4 yaktaurs (D:14)
  3 ancient zymes (Lair:5)
  5 merfolk (Shoals:1)
  2 large abominations (Lair:5)
  3 meliai (D:14)
  3 trolls
  Prince Ribbit (D:8)
  19 blink frogs
  11 slime creatures
  3 snapping turtles (Shoals:1)
  A centaur simulacrum (D:10)
  3 ynoxinuls (Lair:5)
  A meliai zombie (D:11)
  3 wyverns
  26 yaks
  A spriggan (Lair:5)
  4 shadows (D:11)
  3 vampires
  2 water elementals (D:15)
  5 basilisks
  Grum (D:9)
  7 wraiths
  A steam dragon (D:8)
  6 vampire mosquitoes
  8 small abominations (Lair:5)
  A redback (D:10)
  A chaos spawn (Lair:5)
  2 acid dragons
  2 wargs (D:15)
  16 water moccasins
  Duvessa (D:6)
  4 orc warriors
  3 ice beasts
  A sky beast (D:7)
  3 black bears
  An ice beast (shapeshifter) (Lair:5)
  13 wolves
  13 ogres
  13 centaurs
  A kobold brigand (D:12)
  16 bullfrogs
  2 scorpions
  A necrophage (D:6)
  A gnoll sergeant (D:12)
  6 wights
  Dowan (D:6)
  12 killer bees
  3 electric eels
  6 howler monkeys
  A lava snake (D:8)
  6 hounds
  2 orc priests
  2 gnoll boudas (D:7)
  4 iguanas
  13 orc wizards
  Robin (D:3)
  12 gnolls
  4 adders
  2 shadow imps
  3 white imps
  An ufetubus (D:5)
  A worm (D:2)
  A dart slug (D:1)
  39 orcs
  12 endoplasms
  4 giant cockroaches
  15 goblins
  7 hobgoblins
  6 jackals
  4 quokkas
  9 ball pythons
  4 bats
  4 frilled lizards
  11 kobolds
  4 rats
  2 bushes
562 creatures vanquished.

Vanquished Creatures (others)
  34 fungi
  32 plants
  A withered plant (D:11)
67 creatures vanquished.

Grand Total: 629 creatures vanquished

Notes
Turn   | Place    | Note
-------+----------+-------------------------------------------
     0 | D:1      | ryw the Troll Gladiator began the quest for the Orb.
     0 | D:1      | Reached XP level 1. HP: 19/19 MP: 0/0
    18 | D:1      | Found Lodomp's Antique Weapon Emporium.
    51 | D:1      | Reached XP level 2. HP: 28/28 MP: 1/1
   424 | D:2      | Reached XP level 3. HP: 35/35 MP: 2/2
  1044 | D:3      | Noticed Robin
  1060 | D:3      | Killed Robin
  1061 | D:3      | Reached XP level 4. HP: 33/42 MP: 3/3
  1136 | D:3      | Found a radiant altar of Vehumet.
  1753 | D:4      | Identified the +1 hand axe "Ovunt" {protect, +Blink SInv}
  1766 | D:4      | You fall into a shaft and drop 2 floors!
  1772 | D:6      | Noticed a scorpion
  1783 | D:6      | Killed a scorpion
  1784 | D:6      | Reached skill level 4 in Unarmed Combat
  1784 | D:6      | Reached XP level 5. HP: 29/50 MP: 4/4
  1814 | D:6      | Noticed Dowan
  1822 | D:6      | Noticed an ogre
  1977 | D:5      | Entered Level 5 of the Dungeon
  1979 | D:5      | Noticed a water moccasin
  1983 | D:5      | Killed a water moccasin
  1984 | D:5      | Reached XP level 6. HP: 54/61 MP: 5/5
  2665 | D:5      | Reached XP level 7. HP: 44/67 MP: 6/6
  2795 | D:5      | Reached skill level 5 in Unarmed Combat
  2998 | D:5      | Found Zin's Purification Station.
  3001 | D:5      | Found a glowing silver altar of Zin.
  3264 | D:5      | Reached XP level 8. HP: 62/78 MP: 7/7
  3610 | D:6      | Noticed Duvessa
  3773 | D:6      | Found a shimmering altar of Xom.
  3785 | D:6      | Found an ancient bone altar of Kikubaaqudgha.
  3840 | D:6      | Reached skill level 6 in Unarmed Combat
  3925 | D:6      | Killed Dowan
  3932 | D:6      | Killed Duvessa
  3942 | D:6      | Reached skill level 5 in Throwing
  4063 | D:6      | Reached skill level 5 in Dodging
  4341 | D:6      | Reached skill level 7 in Unarmed Combat
  4412 | D:7      | Reached XP level 9. HP: 83/87 MP: 8/8
  4445 | D:7      | Reached skill level 5 in Fighting
  4522 | D:7      | Noticed Pikel
  4537 | D:7      | Killed Pikel
  5120 | D:7      | Found a staircase to the Ecumenical Temple.
  5133 | D:7      | Reached skill level 8 in Unarmed Combat
  5144 | Temple   | Entered the Ecumenical Temple
  5265 | Temple   | Became a worshipper of Warmaster Okawaru
  5571 | D:8      | Found a staircase to the Lair.
  5858 | D:8      | Noticed Prince Ribbit
  5866 | D:8      | Killed Prince Ribbit
  6000 | D:8      | Reached * piety under Okawaru
  6226 | D:8      | Reached skill level 9 in Unarmed Combat
  6226 | D:8      | Reached XP level 10. HP: 95/98 MP: 9/9
  6314 | D:9      | Noticed Harold
  6372 | D:8      | Killed Harold
  6372 | D:8      | Reached ** piety under Okawaru
  6373 | D:8      | Reached skill level 1 in Invocations
  6616 | D:9      | Noticed a two-headed ogre
  6629 | D:9      | Killed a two-headed ogre
  6894 | D:9      | Noticed Grum
  6906 | D:9      | Killed Grum
  7003 | D:9      | Found the +9 scales of the Dragon King {rPois rF+ rC+
                  | Will+}
  7125 | D:9      | Noticed a two-headed ogre
  7130 | D:9      | Killed a two-headed ogre
  7130 | D:9      | Reached *** piety under Okawaru
  7131 | D:9      | Reached skill level 10 in Unarmed Combat
  7158 | D:9      | Noticed Gastronok
  7181 | D:9      | Killed Gastronok
  7181 | D:9      | Reached **** piety under Okawaru
  7181 | D:9      | Received a gift from Okawaru
  7182 | D:9      | Reached XP level 11. HP: 66/107 MP: 10/12
  7807 | Lair:1   | Entered Level 1 of the Lair of Beasts
  7807 | Lair:1   | Noticed an oklob plant
  7818 | Lair:1   | Killed an oklob plant
  7984 | Lair:1   | Reached skill level 1 in Armour
  8128 | Lair:1   | Reached ***** piety under Okawaru
  8173 | Lair:1   | Reached skill level 1 in Spellcasting
  8273 | Lair:1   | Reached skill level 11 in Unarmed Combat
  8806 | Lair:2   | Received a gift from Okawaru
  8811 | Lair:2   | Found a staircase to the Snake Pit.
  8973 | Lair:2   | Noticed a catoblepas
  8992 | Lair:2   | Killed a catoblepas
  9035 | Lair:2   | Received a gift from Okawaru
  9370 | Lair:2   | Found a staircase to the Shoals.
  9439 | Lair:2   | Received a gift from Okawaru
  9459 | Lair:2   | Received a gift from Okawaru
  9845 | Lair:2   | Reached XP level 12. HP: 118/118 MP: 14/14
  9863 | Lair:3   | Identified the +1 ice dragon scales of Acehoufe {Harm *Slow
                  | rF- rC++ Dex+5} (Okawaru gifted it to you on level 3 of the
                  | Lair of Beasts)
  9863 | Lair:3   | Received a gift from Okawaru
 10142 | Lair:3   | Noticed a seven-headed hydra
 10147 | Lair:3   | Killed a seven-headed hydra
 10290 | Lair:3   | Reached skill level 12 in Unarmed Combat
 10299 | Lair:3   | Reached skill level 5 in Invocations
 10585 | Lair:3   | Identified the +0 chain mail "Diyny" {rF+ Str+9 Dex-5 SInv}
 11155 | Lair:4   | Found a staircase to the Slime Pits.
 11156 | Lair:4   | Found a viscous altar of Jiyva.
 11520 | Lair:5   | Entered Level 5 of the Lair of Beasts
 11591 | Lair:5   | Reached skill level 13 in Unarmed Combat
 11638 | Lair:5   | Noticed a boulder beetle
 11647 | Lair:5   | Killed a boulder beetle
 11660 | Lair:5   | Identified the +5 giant club "Fole" {vorpal, Fly Dex+7}
                  | (Okawaru gifted it to you on level 5 of the Lair of Beasts)
 11660 | Lair:5   | Received a gift from Okawaru
 11723 | Lair:5   | Reached XP level 13. HP: 94/128 MP: 17/17
 12194 | Lair:5   | Received a gift from Okawaru
 12199 | Lair:5   | Reached skill level 5 in Armour
 12245 | Lair:5   | Found a corrupted altar of Lugonu.
 12245 | Lair:5   | Found a one-way gate to the infinite horrors of the Abyss.
 12260 | Lair:5   | Identified the amulet of Jolutuem {Rampage Drain rElec
                  | Regen+ Dex+5}
 12314 | Lair:5   | Noticed Josephine
 12324 | Lair:5   | Killed Josephine
 12482 | Lair:5   | Reached skill level 14 in Unarmed Combat
 12499 | Lair:5   | Received a gift from Okawaru
 12728 | Lair:5   | Received a gift from Okawaru
 13519 | D:10     | Entered Level 10 of the Dungeon
 13569 | D:10     | Found Ofrorgho's Distillery.
 13576 | D:10     | Bought a potion of heal wounds for 70 gold pieces
 13576 | D:10     | Bought a potion of heal wounds for 70 gold pieces
 13596 | D:10     | Noticed Lodul
 13609 | D:10     | Killed Lodul
 14331 | D:11     | Reached XP level 14. HP: 140/140 MP: 19/19
 14489 | D:11     | Found a staircase to the Orcish Mines.
 14691 | D:11     | Received a gift from Okawaru
 15320 | D:12     | Noticed Psyche
 15323 | D:12     | Killed Psyche
 15478 | D:12     | Noticed Maurice
 15484 | D:12     | Killed Maurice
 15485 | D:12     | Reached skill level 15 in Unarmed Combat
 16211 | D:13     | Reached ****** piety under Okawaru
 16287 | D:13     | Received a gift from Okawaru
 16330 | D:13     | Found a gate to the Vaults.
 16342 | D:13     | Reached skill level 5 in Spellcasting
 16353 | D:13     | Identified the +9 rapier "Linezoul" {pain, rCorr Stlth+}
                  | (Okawaru gifted it to you on level 13 of the Dungeon)
 16353 | D:13     | Received a gift from Okawaru
 16496 | D:13     | Noticed Snorg
 16508 | D:13     | Killed Snorg
 16923 | D:14     | Received a gift from Okawaru
 17152 | D:14     | Reached skill level 10 in Fighting
 17292 | D:14     | Reached XP level 15. HP: 149/149 MP: 21/21
 17590 | D:14     | Found a blossoming altar of Fedhas.
 17638 | D:15     | Entered Level 15 of the Dungeon
 17681 | D:15     | Reached skill level 16 in Unarmed Combat
 17870 | D:15     | Found a staircase to the Depths.
 18117 | D:15     | Found an iron altar of Okawaru.
 18472 | Shoals:1 | Entered Level 1 of the Shoals
 18513 | Shoals:1 | Reached XP level 16. HP: 153/159 MP: 22/22
 18608 | Shoals:1 | Noticed purpskrrrp's ghost (adept GrFi)
 18633 | Shoals:1 | Found a transporter.
 18636 | Shoals:1 | Found a transporter.
 18637 | Shoals:1 | Found a bloodstained altar of Trog.
 18682 | Shoals:1 | HP: 2/159 [merfolk impaler/+1 vorpal demon trident (10)]
 18682 | Shoals:1 | Slain by a merfolk impaler

Illustrated notes

Levels and vault maps discovered:
D:1:      spicycebolla_green_bress_n_ham, layout_rooms, serial_shops, shop
D:2:      layout_loops_cross
D:3:      layout_rooms, lemuel_doored_altar, hangedman_abyss_or_decor_stabs,
          uniq_robin
D:4:      layout_basic
D:5:      layout_basic, zin_purify, cheibrodos_sewer_entry_sluice
D:6:      layout_cave_pools, mainiacjoe_overflow_catwalk_spiral,
          minmay_misc_feat_pillars, st_stairs_8, uniq_duvessa
D:7:      minmay_spotlight, layout_basic, minmay_temple_entry_mini_moons,
          uniq_pikel
D:8:      layout_gridville, david_lair_shrubbed, grunt_decor_fettered,
          nicolae_lava_and_water, uniq_prince_ribbit1
D:9:      layout_gridville, uniq_harold, uniq_grum, uniq_gastronok
D:10:     layout_irregular_city, nicolae_stop_n_shop_2, minmay_variable_closet,
          kennysheep_donut, minivault_25_ag, uniq_lodul
D:11:     nicolae_cairo_tiling_large_dashed, layout_cave_pods, orc_0_dummy,
          serial_undead, serial_undead_c, serial_undead_d, serial_undead_b,
          serial_undead_e, serial_undead_a, serial_undead_c, serial_undead_d,
          serial_undead_f, minivault_22
D:12:     layout_loops_corners, chequers_arboretum, uniq_maurice, uniq_psyche
D:13:     layout_small_grid, erik_vaults_2, uniq_snorg
D:14:     layout_roguey, minmay_misc_feat_columns, fedhas_altar_4
D:15:     hangedman_depths_entry_civil_slaughter, layout_rooms, minivault_4,
          okawaru_trees_1
Temple:   mainiacjoe_temple_coin_purse
Lair:1:   layout_cellular_growth, dpeg_stationary_puzzle, grunt_megastairs_4
Lair:2:   layout_small_grid, minmay_shoals_entry_lonely_mermaid,
          minmay_snake_entry_six_corridors, gauntlet_entry_generic,
          grunt_megastairs_1
Lair:3:   layout_big_grid, minmay_lair_oklob_items
Lair:4:   layout_gridlike, slime_entry_1, chequers_serial_rivers_micro_b,
          infiniplex_staircase_pool_2
Lair:5:   hellmonk_lair_end_abyssal_woods, layout_loops_ring, uniq_josephine
Shoals:1: layout_shoals, gammafunk_ghost_wrathful_warriors

Skill      XL: |  1  2  3  4  5  6  7  8  9 10 11 12 13 14 15 |
---------------+----------------------------------------------+-----
Throwing       | 2 3 4 5 6 7 8 9 |  9.5
Fighting       | 2 3 4 5 6 7 8 9 10 | 10.5
Dodging        | 3 4 5 6 7 |  7.0
Unarmed Combat | 4 5 7 9 10 11 13 14 15 16 | 16.6
Invocations    | 3 4 6 7 8 9 |  9.4
Armour         | 2 4 6 7 |  7.9
Spellcasting   | 2 3 4 5 |  5.0
Shields        | 2 |  2.5

Action                   |  1- 3 |  4- 6 |  7- 9 | 10-12 | 13-15 | 16-18 || total
-------------------------+-------+-------+-------+-------+-------+-------++-------
Melee: Unarmed           |    97 |   137 |   251 |   432 |   701 |    43 ||  1661
       Punch             |     3 |     1 |    11 |    30 |    60 |       ||   105
Throw: Large rock        |       |     2 |     7 |     4 |       |       ||    13
       Throwing net      |       |       |     4 |       |       |       ||     4
       Javelin           |       |       |       |    21 |     7 |       ||    28
       Boomerang         |       |       |       |     3 |       |       ||     3
       Dart              |       |       |       |     1 |       |       ||     1
Invok: Heroism           |       |       |       |    10 |    17 |     2 ||    29
       Finesse           |       |       |       |       |     2 |     1 ||     3
  Use: Scroll            |       |    15 |     3 |    12 |     2 |       ||    32
       Potion            |       |     1 |       |     2 |     1 |     1 ||     5
 Stab: Distracted        |     1 |       |       |       |       |       ||     1
       Sleeping          |       |       |     1 |       |       |       ||     1
Armor: Robe              |    27 |     2 |       |       |       |       ||    29
       Animal skin       |       |    38 |    43 |       |       |       ||    81
       Steam dragon scal |       |       |     2 |    18 |       |       ||    20
       Gold dragon scale |       |       |       |   245 |   520 |    29 ||   794
Dodge: Dodged            |    32 |    76 |   166 |   207 |   244 |    13 ||   738
Block: Tower shield      |       |       |       |       |    29 |    36 ||    65

Table legend: (Time is in decaauts)
 A = Elapsed time spent in this place.
 B = Non-inter-level travel time spent in this place.
 C = Inter-level travel time spent in this place.
 D = Time resting spent in this place.
 E = Time spent auto-exploring this place.
 F = Levels seen in this place.
 G = Mean time per level.
                   A        B        C        D        E       F      G
               +--------+--------+--------+--------+--------+-----+--------+
         Total |  18332 |  16687 |   1645 |    967 |  12087 |  22 |  833.3 |
       Dungeon |  12648 |  11370 |   1278 |    613 |   8261 |  15 |  843.2 |
        Temple |    131 |    103 |     28 |      0 |     89 |   1 |  131.0 |
          Lair |   5357 |   5019 |    338 |    354 |   3657 |   5 | 1071.4 |
        Shoals |    194 |    194 |      0 |      0 |     80 |   1 |  194.0 |
               +--------+--------+--------+--------+--------+-----+--------+

Top non-repeatable levels by time:
  Lair:5: 1533 daAuts
     D:8: 1287 daAuts
  Lair:2: 1244 daAuts
     D:7: 1223 daAuts
     D:5: 1178 daAuts
    D:12: 1060 daAuts
     D:9: 1042 daAuts
  Lair:1: 957 daAuts
  Lair:4: 899 daAuts
    D:14: 853 daAuts
    D:11: 838 daAuts
     D:6: 827 daAuts
    D:10: 750 daAuts
  Lair:3: 723 daAuts
     D:3: 718 daAuts
